 Dungeon Crawl Stone Soup version 0.18.1-50-g88ac8fd (webtiles) character file.

1459 spiff the Transmogrifier (level 8, 0/54 HPs)
             Began as an Octopode Transmuter on Sept 20, 2016.
             Slain by an orc
             ... wielding a +0 war axe
              (9 damage)
             ... on level 6 of the Dungeon.
             The game lasted 00:26:45 (7512 turns).

spiff the Transmogrifier (Octopode Transmuter)      Turns: 7512, Time: 00:26:46

Health: 0/54       AC:  2    Str:  9    XL:     8   Next: 76%
Magic:  8/11       EV: 20    Int: 15    God:
Gold:   262        SH:  0    Dex: 20    Spells: 2 memorised, 7 levels left

rFire  . . .     SeeInvis .       - Unarmed
rCold  . . .     Gourm    .     (shield currently unavailable)
rNeg   . . .     Faith    .     (helmet currently unavailable)
rPois  x         Spirit   .     (no amulet)
rElec  .         Dismiss  .     (no ring)
rCorr  .         Reflect  .     (no ring)
SustAt .         Harm     .     (no ring)
MR     .....                    (no ring)
Stlth  ++........               (no ring)
                                (no ring)
                                (no ring)
                                (no ring)

@: spider-form, not resistant to hostile enchantments, unstealthy
A: almost no armour, (amphibious), 8 rings, (constrict 8), (camouflage 0),
(gelatinous body 0)
a: End Transformation


You were on level 6 of the Dungeon.
You were not hungry.
You were a venomous arachnid creature.
You visited 1 branch of the dungeon, and saw 7 of its levels.

You collected 262 gold pieces.

Inventory:

Missiles
 a - 73 arrows
Rods
 y - a +0 lightning rod (10/10)
   (You found it on level 3 of the Dungeon)
Wands
 p - a wand of flame (20/48)
 A - a wand of polymorph (17/24)
Scrolls
 e - 4 scrolls of remove curse
 j - a scroll of magic mapping
 l - 2 scrolls of identify
 n - 4 scrolls of teleportation
 w - a scroll of fog
 x - a scroll of enchant armour
 z - a scroll of recharging {unknown}
Potions
 d - 3 potions of lignification
 g - a potion of magic {unknown}
 h - 2 potions of curing
 m - a potion of ambrosia
 o - a potion of haste {unknown}
 q - 2 potions of cure mutation
 r - a potion of cancellation
 s - a potion of berserk rage {unknown}
 u - a potion of agility {unknown}
Books
 b - a book of Changes

   Spells                             Type                      Level
   a - Beastly Appendage              Transmutation                1
   b - Sticks to Snakes               Transmutation                2
   c - Spider Form                    Transmutation/Poison         3
   d - Ice Form                       Ice/Transmutation            4
   e - Blade Hands                    Transmutation                5
 t - a book of the Warp

   Spells                             Type                      Level
   a - Recall                         Summoning/Translocation      3
   b - Gell's Gravitas                Hexes/Translocation          3
   c - Force Lance                    Conjuration/Translocation    4
   d - Warp Weapon                    Charms/Translocation         5
   e - Summon Forest                  Summoning/Translocation      5
Comestibles
 c - 3 bread rations
 f - a beef jerky
 i - a royal jelly
 k - 2 meat rations


   Skills:
 + Level 3.9 Fighting
 - Level 2.0 Dodging
 + Level 5.7 Unarmed Combat
 - Level 2.0 Spellcasting
 - Level 8.2 Transmutations
 - Level 3.1 Poison Magic


You had 7 spell levels left.
You knew the following spells:

 Your Spells              Type           Power        Failure   Level  Hunger
a - Beastly Appendage     Trmt           ####..       4%          1    #......
q - Spider Form           Trmt/Pois      ###.......   24%         3    ###....


Dungeon Overview and Level Annotations

Branches:
Dungeon (7/15)
 Temple: D:4-7

Altars:
Cheibriados
Elyvilon
Makhleb
Nemelex Xobeh
Xom
The Shining One

Annotations:
D:3 spiff's ghost, amateur OpTm
D:4 Blork the orc; Menkaure


Innate Abilities, Weirdness & Mutations

You cannot wear most types of armour.
((You are amphibious.))
You can wear up to eight rings at the same time.
((You can use your tentacles to constrict eight enemies at once.))
((Your skin changes colour to match your surroundings (Stealth).))
((Your rubbery body absorbs attacks (AC +1).))


Message History

You closely miss the orc wizard.
The orc wizard is lightly wounded.
The orc wizard misses you. The orc closely misses you. x2
A jelly comes into view.
The jelly quivers.
You hit the orc wizard.
The orc wizard looks even sicker.
The orc wizard is severely wounded.
The orc wizard completely misses you. The orc misses you.
You barely miss the orc wizard.
The orc wizard is severely wounded.
The orc hits you with a war axe! The orc closely misses you.
The orc wizard gestures at you while chanting.
The puff of flame hits you!
* * * LOW HITPOINT WARNING * * *
You barely miss the orc. The orc hits you.
* * * LOW HITPOINT WARNING * * *
The orc wizard hits you with an enchanted dagger.
* * * LOW HITPOINT WARNING * * *
The orc hits you with a war axe!
You die...

#...## #...............
....# ##...............
....# ##.........?......#
....###..................#
..................#####...
.###.............## #.
..##.............##
...#...........ooo#
................s.#
#...........##.....#
............##........
...#.................J..
..#####.................
..# ###............... .##
#..........#.... ##
#........###.... .##
####.......#


You could see a jelly, an orc wizard and 2 orcs.

Vanquished Creatures
  Eustachio (D:6)
  2 orc warriors (D:6)
  A black bear (D:3)
  A phantom (D:5)
  A sky beast (D:5)
  An ogre (D:5)
  A giant frog (D:6)
  A scorpion (D:6)
  A howler monkey (D:6)
  A crimson imp (D:5)
  Crazy Yiuf (D:2)
  A giant frog skeleton (D:5)
  A hound (D:4)
  An orc priest (D:5)
  An iguana (D:5)
  4 orc wizards
  Ijyb (D:2)
  A worker ant (D:6)
  A hound skeleton (D:4)
  11 adders
  A river rat (D:5)
  2 oozes (D:1)
  2 adder skeletons
  3 dart slugs
  7 worms
  5 giant geckos
  24 orcs
  5 giant cockroaches
  5 goblins
  9 hobgoblins
  9 jackals
  A quokka (D:4)
  6 ball pythons
  4 bats
  6 giant newts
  A jackal zombie (D:5)
  9 kobolds
  A quokka zombie (D:6)
  9 rats
143 creatures vanquished.

Notes
Turn   | Place    | Note
--------------------------------------------------------------
     0 | D:1      | spiff the Octopode Transmuter began the quest for the Orb.
     0 | D:1      | Reached XP level 1. HP: 13/13 MP: 3/3
   322 | D:1      | Reached XP level 2. HP: 18/18 MP: 3/5
   625 | D:1      | Reached XP level 3. HP: 23/23 MP: 3/6
   630 | D:1      | Learned a level 3 spell: Spider Form
  1188 | D:2      | Found a faded altar to an unknown god.
  1212 | D:2      | Reached skill level 3 in Transmutations
  1617 | D:2      | Reached XP level 4. HP: 28/28 MP: 0/7
  2163 | D:2      | Reached skill level 1 in Poison Magic
  2219 | D:2      | Found a white marble altar of Elyvilon.
  2313 | D:2      | Noticed Ijyb
  2322 | D:2      | Killed Ijyb
  2489 | D:2      | Noticed Crazy Yiuf
  2499 | D:2      | Killed Crazy Yiuf
  2499 | D:2      | Reached skill level 4 in Transmutations
  2499 | D:2      | Reached XP level 5. HP: 33/33 MP: 4/8
  2670 | D:3      | Found a shimmering altar of Xom.
  2682 | D:3      | Found a shimmering altar of Xom.
  3021 | D:3      | Noticed spiff's ghost (amateur OpTm)
  3126 | D:3      | Found a shimmering altar of Xom.
  3236 | D:3      | Reached XP level 6. HP: 6/38 MP: 2/9
  3762 | D:3      | Noticed a black bear
  3771 | D:3      | Killed a black bear
  3771 | D:3      | Reached skill level 5 in Transmutations
  3812 | D:4      | Noticed Blork the orc
  3871 | D:4      | Noticed a phantom
  4146 | D:4      | Found a glowing golden altar of the Shining One.
  4450 | D:4      | Noticed Menkaure
  4806 | D:5      | Entered Level 5 of the Dungeon
  4891 | D:5      | Reached skill level 6 in Transmutations
  4891 | D:5      | Reached XP level 7. HP: 28/43 MP: 6/10
  5065 | D:5      | Reached skill level 7 in Transmutations
  5664 | D:5      | Reached skill level 8 in Transmutations
  5670 | D:5      | Reached XP level 8. HP: 25/48 MP: 8/11
  6545 | D:4      | Found a sparkling altar of Nemelex Xobeh.
  6545 | D:4      | Found a snail-covered altar of Cheibriados.
  6548 | D:4      | Found a burning altar of Makhleb.
  6598 | D:6      | Noticed Eustachio
  7073 | D:6      | Killed Eustachio
  7150 | D:6      | Reached skill level 5 in Unarmed Combat
  7512 | D:6      | Slain by an orc

Skill      XL: |  1  2  3  4  5  6  7  8 |
---------------+-------------------------+-----
Transmutations | 3 4 6 8 |  8.2
Unarmed Combat | 4 5 |  5.7
Poison Magic   | 2 3 |  3.1
Fighting       | 3 |  3.9
Dodging        | |  2.0
Spellcasting   | |  2.0

Action                   |  1- 3 |  4- 6 |  7- 9 || total
-------------------------+-------+-------+-------++-------
Melee: Unarmed           |    71 |   199 |   207 ||   477
       Constrict         |    14 |    16 |     8 ||    38
       Kick              |    14 |    12 |     2 ||    28
       Tentacles         |     7 |     8 |     8 ||    23
       Punch             |     3 |     2 |     2 ||     7
 Cast: Beastly Appendage |    19 |    10 |     4 ||    33
       Spider Form       |     1 |    21 |    18 ||    40
  Use: Scroll            |       |    14 |     1 ||    15
       Potion            |       |     1 |       ||     1
 Stab: Sleeping          |     4 |     3 |     2 ||     9
       Distracted        |       |     1 |       ||     1
  Eat: Chunk             |     2 |    14 |    12 ||    28
Armor: Skin              |     6 |    14 |     9 ||    29
Dodge: Dodged            |    40 |   153 |   177 ||   370
